 Dungeon Crawl Stone Soup version 0.26-b1-32-g5d43845318 (webtiles) character file.

Game seed: 7483768855472256440

89033 Armakuni the Blocker (level 16, -4/122 HPs)
             Began as a Human Monk on Jan 9, 2021.
             Was a High Priest of the Shining One.
             Engulfed by a cloud of flame (9 damage)
             ... on level 2 of the Orcish Mines on Jan 10, 2021.
             The game lasted 01:27:03 (27569 turns).

Armakuni the Blocker (Human Monk)                  Turns: 27569, Time: 01:27:04

Health: -4/122     AC: 27    Str: 17    XL:     16   Next: 42%
Magic:  25/25      EV: 21    Int: 17    God:    the Shining One [*****.]
Gold:   605        SH: 11    Dex: 22    Spells: 11/15 levels left

rFire    . . .     SeeInvis .   a - +9 flail (vorpal)
rCold    . . .     Faith    .   y - +3 buckler {rPois}
rNeg     + + +     Spirit   .   M - +4 swamp dragon scales
rPois    +         Reflect  .   E - +1 hat of Ashenzari's Scorn {rN+ Int+5}
rElec    .         Harm     .   q - +2 cloak
rCorr    .         Rampage  .   B - +0 pair of gloves
Will     +....                  o - +2 pair of boots
Stlth    +.........             R - amulet of regeneration
HPRegen  0.70/turn              P - +4 ring of protection
MPRegen  0.19/turn              D - +6 ring of dexterity

@: glowing, studying Dodging
A: no striking features
a: Renounce Religion, Divine Shield, Cleansing Flame, Summon Divine Warrior


You were on level 2 of the Orcish Mines.
You worshipped the Shining One.
The Shining One was extremely pleased with you.
You visited 4 branches of the dungeon, and saw 24 of its levels.
You also visited: Gauntlet.

You collected 2125 gold pieces.
You spent 1520 gold pieces at shops.

Inventory:

Hand Weapons
 a - a +9 vorpal flail (weapon)
Missiles
 j - 20 boomerangs
 r - 4 throwing nets
 t - 5 boomerangs of dispersal
 A - 3 curare-tipped darts (quivered)
Armour
 i - a +1 tower shield of protection
 o - a +2 pair of boots (worn)
 q - a +2 cloak (worn)
 y - a +3 buckler of poison resistance (worn)
 B - a +0 pair of gloves (worn)
 E - the +1 hat of Ashenzari's Scorn (worn) {rN+ Int+5}
   (You found it in a Gauntlet)

   It affects your intelligence (+5).
   It protects you from negative energy.
 M - +4 swamp dragon scales (worn)
Jewellery
 D - a +6 ring of dexterity (right hand)
 K - an uncursed ring of resist corrosion
 P - a +4 ring of protection (left hand)
 R - an amulet of regeneration (around neck)
Wands
 e - a wand of flame (23)
 p - a wand of paralysis (43)
 v - a wand of acid (8)
 z - a wand of iceblast (3)
 O - a wand of polymorph (7)
 W - a wand of enslavement (5)
 Z - a wand of digging (6)
Scrolls
 b - a scroll of magic mapping
 d - a scroll of fear
 f - a scroll of summoning
 u - 7 scrolls of remove curse
 w - 10 scrolls of teleportation
 x - 2 scrolls of immolation
 C - 2 scrolls of fog
 G - a scroll of amnesia
 I - 8 scrolls of identify
 L - 2 scrolls of blinking
 Q - a scroll of noise
 T - a scroll of holy word
 U - a scroll of vulnerability
Potions
 c - 2 potions of magic
 g - 5 potions of lignification
 h - 6 potions of heal wounds
 k - 5 potions of flight
 l - 4 potions of curing
 m - 4 potions of haste
 n - 7 potions of mutation
 s - a potion of brilliance
 N - 2 potions of cancellation
 S - 2 potions of might
 V - a potion of resistance
Books
 Y - a manual of Dodging
Miscellaneous
 H - a phantom mirror
 X - a lightning rod (inert)


   Skills:
 - Level 10.0 Fighting
 - Level 13.6 Maces & Flails
 - Level 10.0 Armour
 + Level 12.3 Dodging
 - Level 2.0 Stealth
 - Level 13.6 Shields
 - Level 12.0 Invocations
 - Level 4.0 Evocations


You had 11 spell levels left.
You knew the following spells:

 Your Spells              Type           Power        Failure   Level
b - Blink                 Tloc           N/A          50%         2
w - Wereblood             Tmut           0%           50%         2

Your spell library contained the following spells:

 Spells                   Type           Power        Failure   Level
 Animate Skeleton         Necr           0%           36%         1
 Beastly Appendage        Tmut           0%           36%         1
 Corona                   Hex            0%           36%         1
 Magic Dart               Conj           0%           36%         1
 Pain                     Necr           0%           36%         1
 Call Imp                 Summ           0%           50%         2
 Corpse Rot               Necr/Air       N/A          50%         2
 Slow                     Hex            0%           50%         2
 Conjure Flame            Conj/Fire      0%           75%         3
 Inner Flame              Hex/Fire       0%           75%         3
 Mephitic Cloud           Conj/Pois/Air  0%           75%         3
 Portal Projectile        Hex/Tloc       0%           75%         3
 Spider Form              Tmut/Pois      0%           75%         3
 Static Discharge         Conj/Air       0%           75%         3
 Stone Arrow              Conj/Erth      0%           75%         3
 Vampiric Draining        Necr           0%           75%         3
 Animate Dead             Necr           0%           98%         4
 Cause Fear               Hex            0%           98%         4
 Ice Form                 Ice/Tmut       0%           98%         4
 Leda's Liquefaction      Hex/Erth       0%           98%         4
 Agony                    Necr           0%           100%        5
 Blade Hands              Tmut           0%           100%        5
 Bolt of Magma            Conj/Fire/Erth 0%           100%        5
 Iskenderun's Battlesphe  Conj           0%           100%        5
 Lightning Bolt           Conj/Air       0%           100%        5
 Metabolic Englaciation   Hex/Ice        0%           100%        5
 Summon Forest            Summ/Tloc      0%           100%        5
 Eringya's Noxious Bog    Tmut/Pois      0%           100%        6
 Freezing Cloud           Conj/Ice/Air   0%           100%        6
 Hydra Form               Tmut           0%           100%        6
 Iron Shot                Conj/Erth      0%           100%        6
 Ozocubu's Refrigeration  Ice            0%           100%        6
 Simulacrum               Ice/Necr       0%           100%        6
 Orb of Destruction       Conj           0%           100%        7
 Spellforged Servitor     Conj/Summ      0%           100%        7
 Summon Hydra             Summ           0%           100%        7
 Ignition                 Fire           0%           100%        8
 Shatter                  Erth           0%           100%        9
 Tornado                  Air            0%           100%        9


Dungeon Overview and Level Annotations

Branches:
Dungeon (15/15)            Temple (1/1) D:7            Lair (6/6) D:8
  Swamp (0/4) Lair:2        Snake (0/4) Lair:2        Slime (0/5) Lair:6
    Orc (2/2) D:11         Vaults (0/5) D:14         Depths (0/5) D:15
Gauntlet (visited)
    Elf: Orc:2

Altars:
Ashenzari
Cheibriados
Dithmenos
Elyvilon
Fedhas
Gozag
Hepliaklqana
Kikubaaqudgha
Makhleb
Nemelex Xobeh
Okawaru
Qazlal
Ru
Sif Muna
Trog
Uskayaw
Vehumet
Wu Jian
Xom
Yredelemnul
Zin
The Shining One
Jiyva

Shops:
D:8 (   D:12 ?   D:13 =   D:15 ?

Annotations:
D:6 exclusion: statue
D:13 2 transporters, Liimbo's ghost, journeyman FoWn


Message History

You kill the orc priest!
The Shining One accepts your kill.
You feel better.
The fiery explosion engulfs the orc priest!!
The Shining One accepts your kill.
You feel better.
The orc priest explodes!
The orc wizard explodes!
The orc priest explodes! x2
The fiery explosion engulfs the orc warrior!!
The orc warrior explodes!
The fiery explosion engulfs the orc warrior.
Flame seeps out of the orc warrior.
The orc warrior is lightly wounded.
The fiery explosion engulfs the orc warrior!!!
The orc warrior explodes!
The fiery explosion engulfs the orc warrior!!
The fiery explosion engulfs you!!
* * * LOW HITPOINT WARNING * * *
The orc warrior explodes!
The orc priest explodes!
You are engulfed in blazing flames.
You die...

... #......o..# ...
#..§.o...o# ..##
.§§§§§...# ...#
§§§§§3...# ...#
§§§§§...#
...############§§§§§####
.............§§§§§§§....
.............§§§§§§§.#
..............##@○§$##
...............###§##
............#...# #
.#..........##.##
.#...........###
#...........##
.#........##.###
###............##
###..#..........#


You could see a sun demon (summoned), an orc sorcerer (inner flame) and an orc
warrior.

Vanquished Creatures
  Rupert (Lair:5)
  An orc warlord (Orc:1)
  Snorg (D:10)
  An ettin (D:15)
  A dire elephant (Lair:6)
  Erolcha (D:9)
  7 hydras
  2 boulder beetles
  The ghost of MisterFreud the Grappler, a novice TrDe of Ru (D:9)
  3 centaur warriors (D:15)
  Erica (D:9)
  A merfolk avatar (Lair:6)
  An ogre mage (D:15)
  A catoblepas (Lair:2)
  8 two-headed ogres
  6 death yaks
  Nergalle (D:12)
  4 skeletal warriors (D:14)
  4 unseen horrors
  A hell knight (D:15)
  2 bog bodies (Lair:2)
  A necromancer (D:14)
  An orc knight (Orc:2)
  A harpy (shapeshifter) (D:15)
  A harpy (Lair:6)
  2 deep elf magi (D:15)
  An oklob plant (Lair:2)
  A wolf spider zombie (D:15)
  7 manticores
  A wolf spider (Gauntlet)
  An orc sorcerer (Orc:2)
  Maurice (D:9)
  6 elephants (Lair:6)
  5 cyclopes
  Joseph (D:10)
  A moth of wrath (Gauntlet)
  7 black mambas
  A smoke demon (Gauntlet)
  12 cane toads
  A gargoyle (D:11)
  6 rime drakes
  13 komodo dragons
  A yaktaur (D:15)
  A tengu conjurer (D:15)
  7 trolls
  2 hornets (Lair:6)
  4 polar bears (Lair:6)
  7 dream sheep (Lair:6)
  Grinder (D:3)
  10 blink frogs
  Sigmund (D:3)
  A spriggan (D:9)
  2 redbacks (Gauntlet)
  4 wyverns
  A water elemental (D:14)
  Eustachio (D:5)
  A wraith (D:12)
  A basilisk (shapeshifter) (D:15)
  52 yaks
  7 vampire mosquitoes (D:14)
  4 wargs
  Menkaure (D:5)
  An acid dragon (D:14)
  A soldier ant (D:11)
  2 swamp worms (Lair:2)
  20 water moccasins
  7 nagas (Lair:2)
  Duvessa (D:5)
  2 ice beasts
  6 sky beasts
  3 black bears
  9 ogres
  5 phantoms
  3 necrophages
  28 orc warriors
  12 wolves
  14 centaurs
  4 big kobolds
  A wyvern zombie (D:14)
  9 bullfrogs
  Dowan (D:5)
  5 scorpions
  20 killer bees
  10 howler monkeys
  17 wights
  3 electric eels
  4 crimson imps (Gauntlet)
  2 bullfrog zombies
  A centaur zombie (D:6)
  2 quasits
  17 orc wizards
  2 jellies
  2 bullfrog skeletons
  6 centaur skeletons
  21 orc priests
  A gnoll shaman (D:10)
  6 hounds
  7 iguanas
  Ijyb (D:3)
  A hell rat (D:7)
  10 worker ants
  2 hound skeletons
  A howler monkey zombie (D:7)
  A worker ant zombie (D:5)
  15 adders
  A howler monkey skeleton (D:7)
  12 gnolls
  2 river rats
  3 white imps
  An ufetubus (D:7)
  An ooze (D:7)
  An adder zombie (D:1)
  6 worms
  4 dart slugs
  7 leopard geckos
  82 orcs
  7 giant cockroaches
  10 goblins
  13 hobgoblins
  28 jackals
  4 quokkas
  3 ball pythons
  A ball python zombie (D:1)
  4 bats
  10 frilled lizards
  35 kobolds
  2 quokka zombies
  10 rats
762 creatures vanquished.

Vanquished Creatures (collateral kills)
  5 yaks (Lair:5)
  A spriggan (D:9)
  A black bear (D:9)
7 creatures vanquished.

Vanquished Creatures (others)
  Nessos (Lair:5)
  A black mamba (Lair:5)
  A spriggan (D:9)
  A yak (Lair:5)
  An orc warrior (D:10)
  A killer bee (D:10)
  An adder (D:10)
  A jackal (D:10)
  15 demonic plants (Gauntlet)
  25 fungi
  71 plants
119 creatures vanquished.

Grand Total: 888 creatures vanquished

Notes
Turn   | Place    | Note
-------+----------+-------------------------------------------
     0 | D:1      | Armakuni the Human Monk began the quest for the Orb.
     0 | D:1      | Reached XP level 1. HP: 18/18 MP: 1/1
   139 | D:1      | Reached skill level 1 in Armour
   139 | D:1      | Reached XP level 2. HP: 15/24 MP: 2/2
   810 | D:2      | Reached XP level 3. HP: 15/29 MP: 3/3
  1313 | D:1      | Reached XP level 4. HP: 34/37 MP: 4/4
  2314 | D:2      | Reached XP level 5. HP: 41/42 MP: 5/5
  2862 | D:3      | Noticed Grinder
  2894 | D:3      | Killed Grinder
  2895 | D:3      | Reached skill level 5 in Fighting
  2895 | D:3      | Reached skill level 5 in Maces & Flails
  2895 | D:3      | Reached XP level 6. HP: 23/51 MP: 6/6
  2972 | D:3      | You fall into a shaft and drop 1 floor!
  3222 | D:3      | Noticed Ijyb
  3224 | D:3      | Killed Ijyb
  3358 | D:3      | Noticed Sigmund
  3363 | D:3      | Killed Sigmund
  3364 | D:3      | Reached XP level 7. HP: 42/56 MP: 7/7
  4330 | D:4      | Found an iron altar of Okawaru.
  4714 | D:5      | Entered Level 5 of the Dungeon
  5011 | D:5      | Reached XP level 8. HP: 39/62 MP: 8/8
  5131 | D:5      | Found a bloodstained altar of Trog.
  5227 | D:5      | Got an ichor-stained dagger
  5424 | D:5      | Noticed Menkaure
  5435 | D:5      | Killed Menkaure
  5436 | D:5      | Reached skill level 5 in Armour
  5436 | D:5      | Reached skill level 5 in Dodging
  5436 | D:5      | Reached skill level 1 in Evocations
  5513 | D:5      | Noticed Eustachio
  5519 | D:5      | Killed Eustachio
  5837 | D:5      | Noticed Duvessa
  5837 | D:5      | Noticed Dowan
  5842 | D:5      | Killed Duvessa
  5842 | D:5      | Killed Dowan
  6113 | D:5      | Reached XP level 9. HP: 68/68 MP: 9/9
  6355 | D:6      | Found a radiant altar of Vehumet.
  6582 | D:6      | Found a shimmering altar of Xom.
  7683 | D:7      | Found a bloodstained altar of Trog.
  7700 | D:7      | Got an ancient chain mail
  7711 | D:7      | Identified the +4 chain mail "Fimezy" {Rampage rPois Int+4
                  | Slay-2} (You found it on level 7 of the Dungeon)
  8102 | D:7      | Identified the +7 dagger of the Messenger {protect, rN+
                  | Int+3} (You found it on level 5 of the Dungeon)
  8232 | D:7      | Found a glowing silver altar of Zin.
  8233 | D:7      | Found a snail-covered altar of Cheibriados.
  8234 | D:7      | Found an opulent altar of Gozag.
  8289 | D:7      | Found a staircase to the Ecumenical Temple.
  8298 | Temple   | Entered the Ecumenical Temple
  8538 | D:7      | Reached skill level 1 in Shields
  8544 | D:7      | Reached XP level 10. HP: 75/75 MP: 10/10
  8619 | D:8      | Noticed a death yak
  8630 | D:8      | Noticed a death yak
  9220 | D:8      | Found a staircase to the Lair.
  9371 | D:8      | Noticed a death yak
  9446 | D:8      | Found a broken altar of Ashenzari.
 10047 | D:9      | Noticed a two-headed ogre
 10194 | D:8      | Found Gatereno's Weapon Emporium.
 10608 | D:9      | Found a glowing golden altar of the Shining One.
 10613 | D:9      | Found a basalt altar of Yredelemnul.
 10617 | D:9      | Noticed a profane servitor
 10625 | D:9      | Noticed an angel
 10632 | D:9      | Became a worshipper of the Shining One
 10632 | D:9      | Reached * piety under the Shining One
 10632 | D:9      | Reached ** piety under the Shining One
 10674 | D:9      | Found a runed translucent door.
 10675 | D:9      | Noticed MisterFreud's ghost (novice TrDe)
 10675 | D:9      | Identified the +6 spear of Causality {freeze, *Contam rC+
                  | Dex+4}
 10721 | D:9      | Killed a two-headed ogre
 10722 | D:9      | Reached XP level 11. HP: 69/80 MP: 10/12
 10780 | D:9      | Killed MisterFreud's ghost
 10781 | D:9      | Reached skill level 10 in Armour
 11004 | D:9      | Found an ancient bone altar of Kikubaaqudgha.
 11004 | D:9      | Noticed Erica
 11025 | D:9      | Killed Erica
 11151 | D:9      | Noticed Erolcha
 11163 | D:9      | Killed Erolcha
 11227 | D:9      | Noticed Maurice
 11262 | D:9      | Killed Maurice
 11364 | D:9      | Reached skill level 10 in Maces & Flails
 11579 | D:10     | Entered Level 10 of the Dungeon
 11814 | D:10     | Noticed Snorg
 11845 | D:10     | Killed Snorg
 11877 | D:10     | Noticed a two-headed ogre
 11932 | D:10     | Killed a two-headed ogre
 11933 | D:10     | Reached XP level 12. HP: 72/91 MP: 13/15
 12010 | D:10     | Reached *** piety under the Shining One
 12111 | D:10     | Noticed Joseph
 12125 | D:10     | Killed Joseph
 12164 | D:10     | Found a shimmering altar of Xom.
 12277 | D:10     | Noticed a two-headed ogre
 12294 | D:10     | Killed a two-headed ogre
 13078 | D:11     | Found a gate leading to a gauntlet.
 13101 | D:11     | Noticed an unseen horror
 13105 | Gauntlet | Entered a Gauntlet
 13105 | Gauntlet | Found a transporter.
 13105 | Gauntlet | Found a transporter.
 13110 | Gauntlet | Noticed a death ooze
 13188 | Gauntlet | Found a transporter.
 13203 | Gauntlet | Found a transporter.
 13217 | Gauntlet | Found a transporter.
 13230 | Gauntlet | Found a transporter.
 13232 | Gauntlet | Noticed a death drake
 13246 | Gauntlet | Found a transporter.
 13312 | Gauntlet | Found a transporter.
 13327 | Gauntlet | Found a transporter.
 13331 | Gauntlet | Reached **** piety under the Shining One
 13345 | Gauntlet | Found a transporter.
 13354 | Gauntlet | Found a transporter.
 13356 | Gauntlet | Found a large runed translucent door.
 13356 | Gauntlet | Found a large runed translucent door.
 13357 | Gauntlet | Found a large runed translucent door.
 13357 | Gauntlet | Found a transporter.
 13357 | Gauntlet | Found a large runed translucent door.
 13358 | Gauntlet | Found a large runed translucent door.
 13358 | Gauntlet | Found a large runed translucent door.
 13358 | Gauntlet | Found a runed translucent door.
 13358 | Gauntlet | Found a runed translucent door.
 13358 | Gauntlet | Found a large runed translucent door.
 13359 | Gauntlet | Found a large runed translucent door.
 13366 | Gauntlet | Found a large runed translucent door.
 13366 | Gauntlet | Found a large runed translucent door.
 13367 | Gauntlet | Found a large runed translucent door.
 13367 | Gauntlet | Found a large runed translucent door.
 13368 | Gauntlet | Found a large runed translucent door.
 13368 | Gauntlet | Found a large runed translucent door.
 13432 | Gauntlet | Found a transporter.
 13442 | Gauntlet | Found a transporter.
 13445 | Gauntlet | Found a transporter.
 13450 | Gauntlet | Found a large runed translucent door.
 13451 | Gauntlet | Found a large runed translucent door.
 13453 | Gauntlet | Found a runed translucent gate.
 13454 | Gauntlet | Found a transporter.
 13454 | Gauntlet | Found a runed translucent gate.
 13455 | Gauntlet | Found a runed translucent gate.
 13661 | Gauntlet | Got a transparent hat
 13667 | Gauntlet | Identified the +1 hat of Ashenzari's Scorn {rN+ Int+5} (You
                  | found it in a Gauntlet)
 13783 | Gauntlet | Reached skill level 5 in Invocations
 13811 | Gauntlet | Noticed a minotaur
 13823 | Gauntlet | Identified the Handbook of Grandeur
 13853 | D:11     | Killed an unseen horror
 14401 | D:11     | Noticed an unseen horror
 14420 | D:11     | Killed an unseen horror
 14497 | D:11     | Reached skill level 5 in Shields
 14649 | D:11     | Found a staircase to the Orcish Mines.
 14692 | D:11     | Reached XP level 13. HP: 89/99 MP: 18/18
 15263 | Orc:1    | Entered Level 1 of the Orcish Mines
 15515 | Orc:1    | Noticed an orc warlord
 15902 | Lair:1   | Entered Level 1 of the Lair of Beasts
 16013 | Lair:1   | Noticed a five-headed hydra
 16026 | Lair:1   | Killed a five-headed hydra
 17210 | Lair:2   | Reached skill level 10 in Invocations
 17878 | Lair:2   | Found a staircase to the Snake Pit.
 17906 | Lair:2   | Found a sacrificial altar of Ru.
 18129 | Lair:2   | Found a staircase to the Swamp.
 18179 | Lair:2   | Noticed a catoblepas
 18200 | Lair:2   | Killed a catoblepas
 18201 | Lair:2   | Reached XP level 14. HP: 106/106 MP: 22/22
 19581 | Lair:4   | Reached skill level 10 in Shields
 19663 | Lair:4   | Got a crystal trident
 19664 | Lair:4   | Identified the +5 trident of Guile {vorpal, rC+ Str+4 Int+5
                  | Dex+2} (You found it on level 4 of the Lair of Beasts)
 21068 | Lair:5   | Noticed Rupert
 21068 | Lair:5   | Noticed Nessos
 21141 | Lair:5   | Paralysed by Rupert for 5 turns
 21146 | Lair:5   | Your ally died
 21151 | Lair:5   | Killed Rupert
 21249 | Lair:6   | Entered Level 6 of the Lair of Beasts
 21265 | Lair:6   | Found a staircase to the Slime Pits.
 21265 | Lair:6   | Found a viscous altar of Jiyva.
 21928 | Lair:6   | Reached XP level 15. HP: 103/114 MP: 24/24
 22872 | Lair:6   | Reached skill level 10 in Fighting
 23996 | D:12     | Noticed Nergalle
 24009 | D:12     | Killed Nergalle
 24443 | D:12     | Found Uthexeuja's Magic Scroll Boutique.
 24447 | D:12     | Bought a scroll of brand weapon for 260 gold pieces
 24451 | D:12     | Learned a level 2 spell: Blink
 24454 | D:12     | Learned a level 2 spell: Wereblood
 24748 | D:13     | Found Zedghek's Jewellery Boutique.
 24751 | D:13     | Bought an uncursed amulet of regeneration for 480 gold
                  | pieces
 24854 | D:13     | Found an ornate altar of the Wu Jian Council.
 24861 | D:13     | Found a transporter.
 24861 | D:13     | Noticed Liimbo's ghost (journeyman FoWn)
 24890 | D:13     | Found a transporter.
 25305 | D:14     | Found a gate to the Vaults.
 26070 | D:15     | Entered Level 15 of the Dungeon
 26294 | D:15     | Reached XP level 16. HP: 73/122 MP: 25/25
 26351 | D:15     | Found a staircase to the Depths.
 26424 | D:15     | Found Zuasav's Magic Scroll Shop.
 26432 | D:15     | Bought a scroll of acquirement for 780 gold pieces
 26439 | D:15     | Acquired a manual of Dodging
 26715 | D:15     | Reached ***** piety under the Shining One
 26729 | D:15     | Reached skill level 10 in Dodging
 27385 | Orc:2    | Entered Level 2 of the Orcish Mines
 27569 | Orc:2    | HP: 5/122 [/exploding inner flame (27)]
 27569 | Orc:2    | Engulfed by a cloud of flame

Illustrated notes

Levels and vault maps discovered:
D:1:      saegor_arrival_fortress, layout_loops_corners, st_stairs_11
D:2:      layout_loops_cross
D:3:      layout_loops_cross, uniq_sigmund, uniq_ijyb, uniq_grinder
D:4:      layout_loops_ring, lemuel_round_altar, grunt_decor_fettered
D:5:      layout_gridville, trog_hazing_becter, uniq_menkaure, uniq_eustachio,
          uniq_duvessa
D:6:      layout_basic, xom_butterflies, vehumet_statue,
          kennysheep_generic_room_14
D:7:      layout_basic, chequers_temple_overflow_statue_of_worship,
          minmay_temple_entry_statues_pillars, trog_butcher_becter
D:8:      layout_gridville, nicolae_ashenzari_panopticon, dpeg_lair_monsters,
          serial_shops, shop
D:9:      layout_irregular_city, grunt_temple_overflow_holy_war,
          kiku_gazebo_pond_becter, ebering_ghost_funeral_grove, uniq_maurice,
          uniq_erolcha, uniq_erica
D:10:     kennysheep_blocky_room, layout_loops_cross, xom_confusion_cloud,
          uniq_snorg, uniq_joseph
D:11:     layout_gridville, orc_0_dummy, gauntlet_entry_generic
D:12:     layout_loops_cross, serial_shops, nicolae_shop_crystal,
          nicolae_water_bricks, uniq_nergalle
D:13:     layout_irregular_city, serial_shops, shop_statue,
          gammafunk_ghost_stat_death, basic_altar
D:14:     layout_rooms, david_vaults_1, hangedman_glass_teeth, st_stairs_2,
          kennysheep_doodads, minivault_19
D:15:     hangedman_depths_entry_civil_slaughter, layout_irregular_city,
          chequers_serial_rivers_room_b, serial_shops, shop
Temple:   nicolae_temple_hex_pool
Lair:1:   layout_long_grid
Lair:2:   layout_loops_ring, nicolae_swamp_entry_splash_gauntlet,
          minmay_snake_entry_guardpost_medium, lemuel_oklob_altar,
          infiniplex_staircase_pool_2
Lair:3:   layout_big_grid, chequers_serial_rivers_large_a
Lair:4:   layout_misc_corridors, grunt_forest_large_clearing_hut
Lair:5:   layout_big_grid, grunt_megastairs_2, uniq_rupert, uniq_nessos
Lair:6:   gammafunk_lair_ancient_temple, layout_regular_city, slime_altar_1,
          serial_bayou_shore_a
Orc:1:    layout_caves
Orc:2:    st_orc_congregation, layout_caves, basic_altar, nicolae_alphabet_shops

Skill      XL: |  1  2  3  4  5  6  7  8  9 10 11 12 13 14 15 16 |
---------------+-------------------------------------------------+-----
Armour         | 1 2 3 4 5 9 10 | 10.0
Fighting       | 4 5 7 8 9 10 | 10.0
Maces & Flails | 5 6 9 10 11 13 | 13.6
Dodging        | 4 5 6 8 12 | 12.3
Evocations     | 4 |  4.0
Shields        | 1 4 5 9 11 13 | 13.6
Invocations    | 2 4 7 10 12 | 12.0
Stealth        | |  2.0

Action                   |  1- 3 |  4- 6 |  7- 9 | 10-12 | 13-15 | 16-18 || total
-------------------------+-------+-------+-------+-------+-------+-------++-------
Melee: Mace              |    92 |       |       |       |       |       ||    92
       Whip              |    27 |   119 |    85 |   749 |    16 |       ||   996
       Quarterstaff      |       |    27 |   375 |       |       |       ||   402
       Flail             |       |       |       |   161 |  1378 |   229 ||  1768
Throw: Stone             |     4 |     4 |       |       |       |       ||     8
       Boomerang         |       |       |       |       |    26 |       ||    26
       Dart              |       |       |       |       |    11 |     2 ||    13
       Throwing net      |       |       |       |       |       |     3 ||     3
Invok: Divine Shield     |       |       |       |     6 |    35 |     1 ||    42
       Cleansing Flame   |       |       |       |     3 |     1 |     1 ||     5
Evoke: Wand              |       |     7 |    29 |    19 |    35 |     4 ||    94
       Phantom mirror    |       |       |       |       |     2 |       ||     2
       Lightning rod     |       |       |       |       |       |     4 ||     4
  Use: Potion            |     2 |     3 |       |     6 |     5 |       ||    16
       Scroll            |     2 |    10 |     7 |    15 |    12 |     2 ||    48
 Stab: Sleeping          |     3 |     3 |       |       |       |       ||     6
       Invisible         |     5 |       |       |       |       |       ||     5
Armor: Robe              |     7 |       |       |       |       |       ||     7
       Ring mail         |    38 |    32 |   125 |       |       |       ||   195
       Chain mail        |       |       |    22 |   320 |       |       ||   342
       Swamp dragon scal |       |       |       |    39 |   365 |    34 ||   438
Dodge: Dodged            |    72 |    80 |   281 |   311 |   641 |   101 ||  1486
Block: Buckler           |       |       |     1 |   245 |   876 |   102 ||  1224
       Tower shield      |       |       |       |       |    15 |       ||    15
